Construct Light Support Kompanie
Construct Mechanized Kompanie
Selects Armored Suppot Battlegroup
Selects Superior Fire Drills
Marder III Tank Destroyer
Marder III Tank Destroyer
254 Reconnaissance Tractor
Construct Panzerarmee Kommand
Flak 36 Anti-tank Gun Team
Selects Stuka Anti-tank Loiter
Walking Stuka Rocket Launcher
Selects Flammpanzer III Medium Tank Sd.Kfz. 141
Selects Command Panzer IV F Medium Tank